 Dungeon Crawl Stone Soup version 0.28-a0-1506-g3893175d92 (webtiles) character file.

Game seed: 13300594037959710632

1 cheechan the Firebug (level 1, 0/11 HPs)
             Began as an Octopode Fire Elementalist on Jan 13, 2022.
             Slain by a jackal (2 damage)
             ... on level 1 of the Dungeon.
             The game lasted 00:00:36 (150 turns).

cheechan the Firebug (Octopode Fire Elementalist)    Turns: 150, Time: 00:00:36

Health: 0/11       AC:  1    Str:  7    XL:     1   Next: 20%
Magic:  1/3        EV: 13    Int: 17    God:
Gold:   0          SH:  0    Dex: 12    Spells: 3/4 levels left

rFire   . . .      SeeInvis .   (no weapon)
rCold   . . .      Faith    .   (no shield)
rNeg    . . .      Spirit   .   (helmet restricted)
rPois   .          Reflect  .   (no amulet)
rElec   .          Harm     .   (no ring)
rCorr   .          Rampage  .   (no ring)
Will    .....                   (no ring)
Stlth   +++.......              (no ring)
HPRegen 0.03/turn               (no ring)
MPRegen 0.08/turn               (no ring)
                                (no ring)
                                (no ring)

@: no status effects
A: almost no armour, amphibious, 8 rings, camouflage 1, gelatinous body 1,
(nimble swimmer 1), tentacles
a: no special abilities


You were on level 1 of the Dungeon.
You visited 1 branch of the dungeon, and saw 1 of its levels.

Inventory:

Missiles
 a - 24 stones
Scrolls
 b - a scroll of fog {unknown}


   Skills:
 + Level 2.0 Dodging
 + Level 2.9 Stealth
 + Level 2.0 Spellcasting
 + Level 1.0 Conjurations
 + Level 3.0 Fire Magic


You had 3 spell levels left.
You knew the following spells:

 Your Spells              Type           Power      Damage    Failure   Level
a - Foxfire               Conj/Fire      32%        2x1d5     9%          1

Your spell library contained the following spells:

 Spells                   Type           Power      Damage    Failure   Level
 Scorch                   Fire           22%        2d6       9%          2
 Conjure Flame            Conj/Fire      8%         6-21      26%         3
 Inner Flame              Hex/Fire       6%         N/A       30%         3
 Flame Wave               Conj/Fire      8%         2d4       63%         4


Dungeon Overview and Level Annotations

Branches:
Dungeon (1/15)

Altars:


Innate Abilities, Weirdness & Mutations

You cannot wear most types of armour.
You are amphibious.
You can wear up to eight rings at the same time.
Your skin changes colour to match your surroundings (Stealth+).
Your rubbery body absorbs attacks. (AC +1, EV +1)
((You are camouflaged when in or above water. (Stealth+)))
You have tentacles for arms and can constrict up to eight enemies at once.


Message History

The foxfire hits the quokka.
The quokka is almost dead.
The quokka barely misses you.
Casting: Foxfire (safe; 9% risk of failure)
Confirm with . or Enter, or press ? or * to list all spells.
You conjure some foxfire!
The quokka bites you.
The foxfire hits the quokka but does no damage.
The quokka is almost dead.
The foxfire hits the quokka.
You kill the quokka!
Your magical contamination has completely faded away.
A goblin and an endoplasm come into view.
The endoplasm quivers.
Found a scroll labelled PYSHRO CENY.
The goblin shouts!
Casting: Foxfire (safe; 9% risk of failure)
Confirm with . or Enter, or press ? or * to list all spells.
You conjure some foxfire!
A jackal comes into view.
The foxfire hits the goblin.
The goblin is heavily wounded.
The foxfire hits the endoplasm.
The endoplasm is lightly wounded.
You tentacle-slap the goblin but do no damage.
Your grab misses the goblin. Your squeeze misses the goblin.
The goblin is heavily wounded.
The goblin barely misses you.
You tentacle-slap the goblin but do no damage.
You grab the goblin.
The goblin is heavily wounded.
You constrict the goblin. The goblin hits you with a +0 dagger.
* * * LOW HITPOINT WARNING * * *
The endoplasm jiggles.
The endoplasm freezes you.
You are frozen.
* * * LOW HITPOINT WARNING * * *
You tentacle-slap the goblin.
You kill the goblin!
The endoplasm barely misses you. The jackal bites you.
You die...

.
..................#.>
?. ....#
##......##.#.#
..##...#
#.##.†.##.... .....#
#.##...####.# #...#
#.##...# #.#
#...####.##...# ###
#........##....
#..J#######.#.######
#.)@# #>#.# #...
......h.# #..⌠
...#....# #..)
##...#..# ##..
#.#..... ##. #.###.##
## # #. # #.


You could see an endoplasm and a jackal.

Vanquished Creatures
  A goblin (D:1)
  A quokka (D:1)
2 creatures vanquished.

Vanquished Creatures (others)
  6 foxfires (D:1)
6 creatures vanquished.

Grand Total: 8 creatures vanquished

Notes
Turn   | Place    | Note
-------+----------+-------------------------------------------
     0 | D:1      | cheechan the Octopode Fire Elementalist began the quest for
                  | the Orb.
     0 | D:1      | Reached XP level 1. HP: 11/11 MP: 3/3
   150 | D:1      | Slain by a jackal

Illustrated notes

Levels and vault maps discovered:
D:1:      dpeg_arrival_leaves_temple_mockup, layout_loops_ring

Action                   || total
-------------------------++-------
Melee: Unarmed           ||     3
       Constrict         ||     1
 Cast: Foxfire           ||     3
Dodge: Dodged            ||     4

Table legend: (Time is in decaauts)
 A = Elapsed time spent in this place.
 B = Non-inter-level travel time spent in this place.
 C = Inter-level travel time spent in this place.
 D = Time resting spent in this place.
 E = Time spent auto-exploring this place.
 F = Levels seen in this place.
 G = Mean time per level.
                   A        B        C        D        E       F      G
               +--------+--------+--------+--------+--------+-----+--------+
         Total |    150 |    150 |      0 |      0 |      0 |   1 |  150.0 |
       Dungeon |    150 |    150 |      0 |      0 |      0 |   1 |  150.0 |
               +--------+--------+--------+--------+--------+-----+--------+

Top non-repeatable levels by time:
     D:1: 150 daAuts
